 Dungeon Crawl Stone Soup version 0.30.0-11-gf55b779eaf (webtiles) character file.

Game seed: 17015468271388371085

20 jlumianski the Trooper (level 2, -1/24 HPs)
             Began as a Demonspawn Fighter on May 17, 2023.
             Slain by an adder (3 damage)
             ... on level 2 of the Dungeon.
             The game lasted 00:03:55 (1030 turns).

jlumianski the Trooper (Demonspawn Fighter)         Turns: 1030, Time: 00:03:56

Health: -1/24      AC:  6    Str: 16    XL:     2   Next: 58%
Magic:  2/2        EV:  8    Int:  9    God:
Gold:   41         SH:  4    Dex: 12    Spells: 1/1 levels left

rFire   . . .        a - +0 war axe
rCold   . . .        c - +0 buckler
rNeg    . . .        b - +0 scale mail
rPois   .            (no helmet)
rElec   .            (no cloak)
rCorr   .            (no gloves)
SInv    .            (no boots)
Will    .....        (no amulet) Stlth
                     (no ring)
HPRegen 0.24/turn    (no ring)
MPRegen 0.08/turn

%: no passive effects
@: mighty
A: powered by pain 1
a: no special abilities


You were on level 2 of the Dungeon.
You visited 1 branch of the dungeon, and saw 3 of its levels.

You collected 41 gold pieces.

Inventory:

Hand Weapons
 a - a +0 war axe (weapon)
Missiles
 j - 9 stones (quivered)
Armour
 b - a +0 scale mail (worn)
 c - a +0 buckler (worn)
Scrolls
 e - 2 scrolls of amnesia {unknown}
 i - a scroll of teleportation {unknown}
 k - a scroll of fog {unknown}
 l - a scroll of identify {unknown}
Potions
 f - a potion of invisibility {unknown}
 g - a potion of flight {unknown}
 h - a potion of degeneration {unknown}


   Skills:
 + Level 3.3 Fighting
 + Level 2.1 Axes
 + Level 2.9 Armour
 + Level 2.9 Shields


You had one spell level left.
You didn't know any spells.
Your spell library was empty.

Dungeon Overview and Level Annotations

Branches:
Dungeon (3/15)

Altars:


Innate Abilities, Weirdness & Mutations

You sometimes gain a little power by taking damage.


Message History

There is a stone staircase leading up here.
The gnoll hits you with a +0 spear.
You climb upwards.
The adder barely misses you. The adder bites you but does no damage.
There is a stone staircase leading down here.
The adder bites you.
You are poisoned.
The adder poisons you! The gnoll hits you with a +0 spear.
You feel sick. The adder bites you.
You are more poisoned.
The adder poisons you! You block the gnoll's attack.
You feel sick. The adder bites you but does no damage.
The adder attacks as you move away! The adder bites you but does no damage.
You feel sick.
You feel sick.
A quokka comes into view.
You feel sick. The adder bites you but does no damage.
The quokka moves out of view.
You barely miss the adder.
You feel sick. The adder barely misses you. The gnoll closely misses you.
The adder bites you but does no damage.
You closely miss the adder.
You feel sick.
You are no longer poisoned.
The gnoll hits you but does no damage. The adder closely misses you.
The gnoll hits you from afar with a +0 spear.
* * * LOW HITPOINT WARNING * * *
You closely miss the adder. You block the adder's attack.
The adder bites you but does no damage.
The gnoll hits you from afar with a +0 spear.
* * * LOW HITPOINT WARNING * * *
You closely miss the adder. The adder bites you but does no damage.
The gnoll hits you from afar with a +0 spear.
* * * LOW HITPOINT WARNING * * *
The adder bites you but does no damage.
You feel very mighty all of a sudden. You block the gnoll's attack.
The adder barely misses you.
You barely miss the adder. The adder barely misses you.
The gnoll hits you from afar with a +0 spear.
* * * LOW HITPOINT WARNING * * *
The adder bites you.
You die...

# . ..
#############...
........##.....#
#@##.....#
#S##.....#
#g##.K...#
#K#......# #
#.#.###..#
#.#........#
#..>#.##...#
........#.##...#
#####.#...##...#


You could see a gnoll, an adder and a kobold.

Vanquished Creatures
  A dart slug (D:1)
  2 endoplasms (D:1)
  2 giant cockroaches (D:1)
  5 goblins
  2 hobgoblins
  A ball python (D:1)
  A bat (D:1)
  2 frilled lizards (D:1)
  A rat (D:1)
17 creatures vanquished.

Notes
Turn   | Place    | Note
-------+----------+-------------------------------------------
     0 | D:1      | jlumianski the Demonspawn Fighter began the quest for the
                  | Orb.
     0 | D:1      | Reached XP level 1. HP: 18/18 MP: 1/1
   241 | D:1      | Gained mutation: You sometimes gain a little power by
                  | taking damage. [demonic ancestry]
   241 | D:1      | Reached XP level 2. HP: 21/24 MP: 2/2
   317 | D:1      | Found a faded altar of an unknown god.
   318 | D:1      | Noticed a golden eye
   320 | D:1      | Noticed a shining eye
   320 | D:1      | Noticed a golden eye
   320 | D:1      | Noticed a floating eye
  1030 | D:2      | Slain by an adder

Illustrated notes

Levels and vault maps discovered:
D:1:      spicycebolla_arrival_risky_transporter, layout_loops_ring,
          hellmonk_ecumenical_altar_watching_god, due_unseen_surprise
D:2:      layout_basic
D:3:      layout_basic, serial_bayou_lake_a, uniq_sigmund

Skill      XL: |  1  2 |
---------------+-------+-----
Axes           | 2 |  2.1
Fighting       | |  3.3
Armour         | |  2.9
Shields        | |  2.9

Action                     || total
---------------------------++-------
  Melee: War axe           ||    63
    Use: Potion            ||     1
 Armour: Scale mail        ||    50
  Dodge: Dodged            ||    29
  Block: Buckler           ||    18
